 Dungeon Crawl Stone Soup version 0.27.0-1-g7a089689b8 (webtiles) character file.

Game seed: 6234650765734581540

21 SnakkuSnakku7 the Caller (level 2, 0/20 HPs)
             Began as a Demigod Summoner on Aug 3, 2021.
             Succumbed to an adder's poison
             ... on level 2 of the Dungeon.
             The game lasted 00:01:39 (1866 turns).

SnakkuSnakku7 the Caller (Demigod Summoner)         Turns: 1866, Time: 00:01:40

Health: 0/20       AC:  2    Str:  9    XL:     2   Next: 45%
Magic:  3/7        EV: 12    Int: 17    God:
Gold:   33         SH:  0    Dex: 14    Spells: 3/4 levels left

rFire    . . .     SeeInvis .   b - +0 whip
rCold    . . .     Faith    .   (no shield)
rNeg     . . .     Spirit   +   a - +0 robe
rPois    .         Reflect  .   (no helmet)
rElec    .         Harm     .   (no cloak)
rCorr    .         Rampage  .   (no gloves)
Will     .....                  (no boots)
Stlth    ++........             g - amulet of guardian spirit
HPRegen  0.06/turn              (no ring)
MPRegen  0.10/turn              (no ring)

@: brilliant, lethally poisoned (0 -> -6)
A: high mp 1, forlorn
a: no special abilities


You were on level 2 of the Dungeon.
You visited 1 branch of the dungeon, and saw 2 of its levels.

You collected 33 gold pieces.

Inventory:

Hand Weapons
 b - a +0 whip (weapon)
Armour
 a - a +0 robe (worn)
Jewellery
 f - a ring of flight
 g - an amulet of guardian spirit (around neck)
Scrolls
 c - a scroll of torment {unknown}
Potions
 e - a potion of flight {unknown}


   Skills:
 - Level 1.7 Dodging
 - Level 1.7 Stealth
 - Level 1.7 Spellcasting
 + Level 4.3 Summonings


You had 3 spell levels left.
You knew the following spells:

 Your Spells              Type           Power      Damage    Failure   Level
a - Summon Small Mammal   Summ           96%        N/A       3%          1

Your spell library contained the following spells:

 Spells                   Type           Power      Damage    Failure   Level
 Call Imp                 Summ           24%        N/A       4%          2
 Call Canine Familiar     Summ           24%        N/A       10%         3
 Summon Guardian Golem    Hex/Summ       13%        N/A       24%         3
 Summon Lightning Spire   Summ/Air       13%        N/A       63%         4


Dungeon Overview and Level Annotations

Branches:
Dungeon (2/15)


Innate Abilities, Weirdness & Mutations

Your attributes grow dramatically as you level up.
You have an increased reservoir of magic. (+10% MP)
You shall have no god before yourself.


Message History

You hit the adder but do no damage. The adder bites you. x2
Your rat completely misses the adder.
You barely miss the adder. The adder misses you.
Your rat bites the adder but does no damage.
You closely miss the adder. The adder bites you.
Your rat closely misses the adder.
The adder bites you but does no damage.
You barely miss the adder. The adder barely misses you.
Your rat barely misses the adder.
You hit the adder.
The adder is lightly wounded.
The adder closely misses you.
Your rat bites the adder but does no damage.
You miss the adder.
The adder is lightly wounded.
The adder closely misses you.
Your rat bites the adder.
The adder bites you.
You are poisoned.
The adder poisons you!
You closely miss the adder.
The adder is moderately wounded.
You feel sick. The adder closely misses you.
Your rat bites the adder.
You are too injured to fight recklessly!
You are too injured to fight recklessly!
You are too injured to fight recklessly!
Unknown command.
Casting: Summon Small Mammal (safe; 3% risk of failure)
Confirm with . or Enter, or press ? or * to list all spells.
You feel sick. The adder bites you.
* * * LOW HITPOINT WARNING * * *
You are lethally poisoned!
The adder poisons you!
Your rat bites the adder.
The adder closely misses your rat.
* * * LOW HITPOINT WARNING * * *
You feel very sick. Something closely misses your rat.
* * * LOW HITPOINT WARNING * * *
You feel sick.
Unknown command.
It was a potion of brilliance.
You feel clever all of a sudden.
You die...

.. ...
#....###..... #.###
... #...........
#.<.# . ..#
#......... ###.###
.. ... ##.#...S...
#..(#
#.##.####..#S....r.
###.#
#.##.#....##.......
#.####..#..S####
.......
#...#......br.#
.......
###.#.......@.#
.....h.
####...........#
.....>.
#....#.....†...#
#..............#
#....#.........#
#....#.........#
######.........#
#.............#
....###.###....##


You could see an adder (ally target), a friendly bat (summoned) and a friendly
rat (summoned).

Vanquished Creatures
  3 ball pythons (D:1)
  2 endoplasms (D:1)
  A giant cockroach (D:1)
  2 goblins (D:1)
  3 hobgoblins
  A quokka (D:1)
  3 bats (D:1)
  A frilled lizard (D:1)
  A rat (D:1)
17 creatures vanquished.

Vanquished Creatures (collateral kills)
  A goblin (D:1)
  A kobold (D:1)
2 creatures vanquished.

Grand Total: 19 creatures vanquished

Notes
Turn   | Place    | Note
-------+----------+-------------------------------------------
     0 | D:1      | SnakkuSnakku7 the Demigod Summoner began the quest for the
                  | Orb.
     0 | D:1      | Reached XP level 1. HP: 14/14 MP: 5/5
   556 | D:1      | Reached skill level 4 in Summonings
   984 | D:1      | Reached XP level 2. HP: 20/20 MP: 7/7
  1866 | D:2      | Succumbed to an adder's poison

Illustrated notes

Levels and vault maps discovered:
D:1:      dpeg_arrival_rooms_b, layout_loops_ring
D:2:      layout_rooms

Skill      XL: |  1 |
---------------+----+-----
Summonings     | 4 |  4.3
Dodging        | |  1.7
Stealth        | |  1.7
Spellcasting   | |  1.7

Action                   || total
-------------------------++-------
Melee: Whip              ||    84
       Unarmed           ||     6
 Cast: Summon Small Mamm ||    10
  Use: Potion            ||     1
 Stab: Sleeping          ||     6
       Distracted        ||     1
Armor: Robe              ||    25
Dodge: Dodged            ||    58
